 Dungeon Crawl Stone Soup version 0.20-a0-993-gba41c3c (webtiles) character file.

19 Alarkh the Insei (level 2, 21/21 HPs)
             Began as a Demonspawn Transmuter on Apr 11, 2017.
             Got out of the dungeon alive.
             The game lasted 00:00:43 (988 turns).

Alarkh the Insei (Demonspawn Transmuter)             Turns: 988, Time: 00:00:43

Health: 21/21      AC:  2    Str: 10    XL:     2   Next: 55%
Magic:  14/14      EV: 12    Int: 14    God:
Gold:   44         SH:  4    Dex: 13    Spells: 3/5 levels left

rFire    . . .     SeeInvis .     - Unarmed
rCold    . . .     Gourm    .   (no shield)
rNeg     . . .     Faith    .   b - +0 robe
rPois    .         Spirit   .   (no helmet)
rElec    .         Reflect  .   (no cloak)
rCorr    .         Harm     .   (no gloves)
MR       .....                  (no boots)
Stlth    +.........             h - amulet of inaccuracy (curse)
Regen    0.1/turn               e - ring of magical power
MPRegen  0.2/turn               (no ring)

@: no status effects
A: large bone plates 1
a: no special abilities


You escaped.
You were not hungry.

You visited 1 branch of the dungeon, and saw 1 of its levels.

You collected 44 gold pieces.

Inventory:

Missiles
 a - 12 arrows
Armour
 b - a +0 robe (worn)
Jewellery
 e - a ring of magical power (left hand)
 h - a cursed amulet of inaccuracy (around neck)
Potions
 g - a potion of degeneration {unknown}
Books
 c - a book of Changes

   Spells                             Type                      Level
   a - Beastly Appendage              Transmutation                1
   b - Sticks to Snakes               Transmutation                2
   c - Spider Form                    Transmutation/Poison         3
   d - Ice Form                       Ice/Transmutation            4
   e - Blade Hands                    Transmutation                5
Comestibles
 d - 3 bread rations
 f - a chunk of flesh


   Skills:
 + Level 1.4 Fighting
 - Level 1.7 Dodging
 * Level 3.1 Unarmed Combat
 + Level 2.0 Spellcasting
 + Level 2.1 Transmutations


You had 3 spell levels left.
You knew the following spells:

 Your Spells              Type           Power        Failure   Level  Hunger
a - Sticks to Snakes      Tmut           #.......     17%         2    ###....


Dungeon Overview and Level Annotations

Branches:
Dungeon (1/15)

Altars:


Innate Abilities, Weirdness & Mutations

You are partially covered in large bone plates. (SH +4)


Message History

The goblin is heavily wounded.
You hit the goblin.
You kill the goblin!
No target in view!
No target in view!
Things that are here:
a dagger; a goblin corpse
f - 2 chunks of flesh (gained 1)
You see here a dagger. x2
You see here a dagger.
A goblin and a kobold come into view.
There are monsters nearby!
You see here a dagger.
You see here a club.
You see here a robe.
There is a fountain of clear blue water here.
Some of the chunks of flesh in your inventory have rotted away.
There is a staircase leading out of the dungeon here.
Are you sure you want to leave the Dungeon?
This will make you lose the game!
You have escaped!

###...............)......###
##....#.####.####.####.##...##
#..###...##...##...##...###..#
#.## #.⌠.##.⌠.##.⌠.##.⌠.# ##.#
#.####...##...##...##...####.#
#...###.####.####.####.###...#
#.⌠.###.####.####.####.###.⌠.#
#............................#
##.##.........@....).....##.##
#............................#
#.⌠.###.####.####.####.###.⌠.#
#...###.####.####.####.###...#
#.####...##...##...##...####.#
#.## #.⌠.##.⌠.##.⌠.##.⌠.# ##.#
#..###...##...##...##...###..#
##(..##.####.####.####.##...##
###...................[..###


There were no monsters in sight!

Vanquished Creatures
  A dart slug (D:1)
  A leopard gecko (D:1)
  A giant cockroach (D:1)
  4 goblins (D:1)
  2 hobgoblins (D:1)
  A ball python (D:1)
  2 bats (D:1)
  A frilled lizard (D:1)
  2 rats (D:1)
15 creatures vanquished.

Notes
Turn   | Place    | Note
-------+----------+-------------------------------------------
     0 | D:1      | Alarkh the Demonspawn Transmuter began the quest for the Orb.
     0 | D:1      | Reached XP level 1. HP: 15/15 MP: 3/3
   236 | D:1      | Gained mutation: You are partially covered in large bone plates. (SH +4) [demonic ancestry]
   236 | D:1      | Reached XP level 2. HP: 20/21 MP: 5/5
   352 | D:1      | Reached skill level 3 in Unarmed Combat
   801 | D:1      | Learned a level 2 spell: Sticks to Snakes
   988 | D:$      | Got out of the dungeon alive.

Vault maps used:
D:1:      dpeg_arrival_chambers_temple_mockup

Skill      XL: |  1  2 |
---------------+-------+-----
Transmutations | 2 |  2.1
Unarmed Combat | 3 |  3.1
Fighting       | |  1.4
Dodging        | |  1.7
Spellcasting   | |  2.0

Action                   || total
-------------------------++-------
Melee: Unarmed           ||    56
  Use: Scroll            ||     3
Armor: Robe              ||     5
Dodge: Dodged            ||    30
Block: Other             ||     3
